 Dungeon Crawl Stone Soup version 0.14-a0-987-gc8002fa (webtiles) character file.

38633 PolkaDot the Cloud Mage (level 13, -6/118 HPs)
             Began as a Vampire Conjurer on Nov 21, 2013.
             Was a High Priest of Vehumet.
             Mangled by a warg (9 damage)
             ... on Level 8 of the Lair of Beasts.
             The game lasted 02:16:58 (20144 turns).

PolkaDot the Cloud Mage (Vampire Conjurer)         Turns: 20144, Time: 02:16:58

HP  -6/118       AC 10     Str 12      XL: 13   Next: 59%
MP   4/28        EV 22     Int 25      God: Vehumet [*****.]
Gold 1014        SH  0     Dex 18      Spells:  7 memorised,  6 levels left

Res.Fire  : . . .   See Invis. : +   F - +2,+5 sabre "Asec" {venom, +Inv Dex+1 Int+4}
Res.Cold  : . . .   Warding    : .   d - +1 robe "Wihoddia" {Stlth+}
Life Prot.: + . .   Conserve   : .   (no shield)
Res.Poison: .       Res.Corr.  : .   n - +2 wizard hat
Res.Elec. : .       Clarity    : +   (no cloak)
Sust.Abil.: . .     Spirit.Shd : .   L - +2 pair of fencer's gloves {EV+3 Dex+3 Acc+8}
Res.Mut.  : .       Stasis     : .   t - +1 pair of boots of the Hall of Blades {rN+ MR++ SInv}
Res.Rott. : .       Flight     : .   b - amulet of clarity
Saprovore : . . .                    A - +6 ring of evasion
                                     e - ring of regeneration

@: regenerating very quickly, berserking (expiring), studying Translocations,
very slightly contaminated, hasted, very quick, extremely resistant to hostile
enchantments, extremely unstealthy
A: bottle blood, fangs 3, see invisible, sense surroundings 1, unbreathing
a: Bottle Blood, Renounce Religion, Evoke Invisibility


You were on level 8 of the Lair of Beasts.
You worshipped Vehumet.
Vehumet was extremely pleased with you.
You were almost alive.

You visited 3 branches of the dungeon, and saw 18 of its levels.
You also visited: Sewer.

You collected 1074 gold pieces.
You spent 60 gold pieces at shops.

Inventory:

Hand weapons
 F - the +2,+5 sabre "Asec" (weapon) {venom, +Inv Dex+1 Int+4}
   (You found it on level 3 of the Lair of Beasts)

   It poisons the flesh of those it strikes.
   It affects your intelligence (+4).
   It affects your dexterity (+1).
   It lets you turn invisible.
Armour
 d - the +1 robe "Wihoddia" (worn) {Stlth+}
   (You found it on level 5 of the Lair of Beasts)

   It makes you much more stealthy.
 n - a +2 wizard hat (worn)
 t - the +1 pair of boots of the Hall of Blades (worn) {rN+ MR++ SInv}
   (You found it on level 7 of the Lair of Beasts)

   It protects you from negative energy.
   It affects your resistance to hostile enchantments.
   It enhances your eyesight.
 L - the +2 pair of fencer's gloves (worn) {EV+3 Dex+3 Acc+8}
   (You found it on level 5 of the Lair of Beasts)

   It affects your evasion (+3).
   It affects your dexterity (+3).
   It affects your accuracy (+8).
Magical devices
 k - a wand of digging (24)
 H - a wand of digging (12)
Scrolls
 f - 3 scrolls of blinking
 g - 8 scrolls of remove curse
 i - 4 scrolls of teleportation
 l - 2 scrolls of enchant armour
 o - 2 scrolls of identify
 q - 5 scrolls of magic mapping
 r - a scroll of recharging
 u - a scroll of enchant weapon I
Jewellery
 b - an amulet of clarity (around neck)
 e - a ring of regeneration (left hand)
 h - an uncursed ring of protection from cold
 s - a cursed amulet of stasis
 A - a +6 ring of evasion (right hand)
Potions
 j - 8 potions of blood
 p - a potion of flight
 v - 13 potions of curing
 w - 4 potions of restore abilities
 z - 6 potions of coagulated blood
 B - a potion of resistance
Books
 c - a book of Conjurations

   Spells                             Type                      Level
   *Magic Dart                        Conjuration                  1
   *Searing Ray                       Conjuration                  2
   Dazzling Spray                     Conjuration/Hexes            3
   *Iskenderun's Mystic Blast         Conjuration                  4
   *Iskenderun's Battlesphere         Conjuration/Charms           4
   Fulminant Prism                    Conjuration/Hexes            5
 x - a manual of Translocations
 y - a book of Ice

   Spells                             Type                      Level
   Freezing Aura                      Charms/Ice                   2
   Ensorcelled Hibernation            Hexes/Ice                    2
   Ozocubu's Refrigeration            Ice                          6
   Bolt of Cold                       Conjuration/Ice              6
   Freezing Cloud                     Conjuration/Ice/Air          6
   Metabolic Englaciation             Hexes/Ice                    6
   Simulacrum                         Ice/Necromancy               6
Magical staves
 a - an uncursed staff of energy


   Skills:
 - Level 2.1 Dodging
 - Level 3.0 Stealth
 + Level 7.2 Spellcasting
 - Level 11.5 Conjurations
 - Level 9.5 Charms
 * Level 9.2 Ice Magic
 * Level 11.6 Air Magic


You had 6 spell levels left.
You knew the following spells:

 Your Spells              Type           Power        Failure   Level  Hunger
a - Throw Flame           Conj/Fire      #####.       1%          2    None
d - Iskenderun's Mystic   Conj           ######..     1%          4    ###....
f - Throw Icicle          Conj/Ice       ######..     1%          4    ###....
s - Searing Ray           Conj           ######       1%          2    None
x - Iskenderun's Battles  Conj/Chrm      ######..     1%          4    ###....
z - Magic Dart            Conj           ####         1%          1    None
A - Static Discharge      Conj/Air       ######..     1%          3    None


Dungeon Overview and Level Annotations

Branches:
Dungeon (9/16)             Temple (1/1) D:6            Lair (8/8) D:8
  Swamp (0/5) Lair:3        Snake (0/5) Lair:6        Slime (0/6) Lair:7
    Orc: D:9-12

Altars:
Fedhas
Kikubaaqudgha
Nemelex Xobeh
Sif Muna
Trog
Vehumet
Yredelemnul
Zin

Shops:
D:4 }   D:8 }

Annotations:
D:9 Pikel


Innate Abilities, Weirdness & Mutations

Your natural rate of healing is extremely fast.
You can bottle blood from corpses.
You have razor-sharp teeth.*
You have supernaturally acute eyesight.
You can survive without breathing.*
You passively map a small area around you.+


Message History

The wolf completely misses you.
A jackal comes into view.
You hit the warg.
You kill the warg!
Vehumet accepts your kill. The warg completely misses you. The warg misses you.
The warg completely misses you. The wolf completely misses you.
The wolf completely misses you.
You puncture the warg!
The warg is moderately wounded.
The wolf bites you but does no damage. The hound closely misses you.
The warg misses you. The warg claws you but does no damage.
The warg completely misses you. The wolf closely misses you.
The wolf completely misses you. The wolf misses you.
Unknown command.
You barely miss the warg.
The warg is moderately wounded.
The wolf completely misses you. The hound closely misses you.
The wolf bites you but does no damage. The warg bites you!
You die...

....####.############
.P### ###..## * * P##
, , ...### , * ## ,
#....# , ..# *,
*#....### .h.#
##.....# hh.#* ,
#...hh##, , hh.#
*##.hhhh# ..#h
#..hh@## , #..# ,
#..hh## * ##.hh# * ,
##h.h * , * , .#.h, ,
,* ##...,* * , * * *
.... , ##., *


You could see a warg, 4 wolves, 2 hounds and 6 jackals.

Vanquished Creatures
  Harold (Lair:3)
  5 hydras
  Erica (Lair:2)
  A death yak (Lair:6)
  Erolcha (D:8)
  4 lindwurms (Lair:5)
  2 griffons
  8 black mambas
  10 elephants
  12 spiny frogs
  An item mimic (Lair:4)
  3 wandering mushrooms (Lair:7)
  A fire drake (Lair:6)
  3 komodo dragons
  4 polar bears
  2 giant leeches (Lair:3)
  10 blink frogs
  A troll (D:8)
  Prince Ribbit (D:6)
  2 basilisks
  8 grizzly bears
  21 yaks
  3 elephant slugs (Lair:7)
  6 hippogriffs
  3 wolves (Lair:6)
  2 swamp worms (Lair:3)
  5 black bears
  7 porcupines
  A phantom (D:5)
  A boring beetle (Lair:8)
  A human (D:7)
  An ogre (D:6)
  10 crocodiles
  A warg (Lair:8)
  5 giant slugs
  10 giant frogs
  21 water moccasins
  A big kobold (Sewer)
  3 agate snails
  A hippogriff skeleton (D:8)
  2 crimson imps
  A scorpion (D:4)
  2 goliath beetles
  5 orc priests
  10 hounds
  12 jellies (Lair:7)
  A giant frog skeleton (D:4)
  5 iguanas
  2 big fish
  3 orc wizards
  7 worker ants
  A water moccasin skeleton (D:8)
  15 sheep
  Jessica (D:2)
  An ogre skeleton (D:7)
  A crocodile skeleton (D:6)
  A mummy (D:7)
  4 gnolls (D:8)
  26 adders
  2 giant centipedes
  2 giant mites
  51 green rats
  An inept item mimic (D:7)
  7 worms
  2 grey rats (Sewer)
  An adder skeleton (D:7)
  8 giant geckos
  An ooze (Lair:7)
  32 orcs
  6 ball pythons
  4 giant cockroaches
  18 hobgoblins
  28 jackals
  14 bats
  5 giant newts
  19 goblins
  14 kobolds
  An orc zombie (D:8)
  11 quokkas
  26 rats
  7 ballistomycetes (D:6)
  A fungus (Lair:6)
  2 plants (Lair:8)
547 creatures vanquished.

Vanquished Creatures (others)
  A giant spore (D:6)
  A ballistomycete (D:6)
  5 fungi
  3 plants
10 creatures vanquished.

Grand Total: 557 creatures vanquished

Notes
Turn   | Place    | Note
--------------------------------------------------------------
     0 | D:1      | PolkaDot, the Vampire Conjurer, began the quest for the Orb.
     0 | D:1      | Reached XP level 1. HP: 13/13 MP: 4/4
   447 | D:1      | Reached XP level 2. HP: 19/19 MP: 5/5
   752 | D:2      | Noticed Jessica
   766 | D:2      | Killed Jessica
   766 | D:2      | Reached XP level 3. HP: 20/24 MP: 4/6
   770 | D:2      | Learned a level 2 spell: Searing Ray
  1305 | D:2      | Reached skill level 4 in Conjurations
  1491 | D:2      | Reached XP level 4. HP: 30/30 MP: 8/8
  2251 | D:3      | Reached XP level 5. HP: 31/35 MP: 9/9
  2600 | D:4      | Reached skill level 5 in Conjurations
  2757 | D:4      | Reached XP level 6. HP: 14/41 MP: 8/11
  2905 | D:4      | Found Mezahiol's Gadget Shop.
  3330 | D:4      | Found a glowing drain.
  3351 | Sewer    | Entered a sewer
  3379 | Sewer    | Learned a level 4 spell: Iskenderun's Mystic Blast
  3478 | Sewer    | Reached skill level 6 in Conjurations
  3625 | Sewer    | Found a glowing silver altar of Zin.
  3665 | Sewer    | Gained mutation: You passively map a small area around you. [potion of beneficial mutation]
  3820 | D:5      | Entered Level 5 of the Dungeon
  3837 | D:5      | Reached XP level 7. HP: 39/46 MP: 9/14
  4616 | D:5      | Found a bloodstained altar of Trog.
  4817 | D:6      | Learned a level 4 spell: Iskenderun's Battlesphere
  4951 | D:6      | Reached skill level 1 in Charms
  5028 | D:6      | Reached skill level 7 in Conjurations
  5122 | D:6      | Noticed Prince Ribbit
  5177 | D:6      | Found a staircase to the Ecumenical Temple.
  5187 | Temple   | Entered the Ecumenical Temple
  5196 | Temple   | Became a worshipper of Vehumet
  5219 | D:6      | Killed Prince Ribbit
  5219 | D:6      | Reached XP level 8. HP: 52/52 MP: 1/17
  5430 | D:6      | Found Zin's Purification Station.
  5432 | D:6      | Found a glowing silver altar of Zin.
  5435 | D:6      | Bought a potion of curing for 60 gold pieces
  6023 | D:7      | Reached skill level 8 in Conjurations
  6173 | D:7      | Acquired Vehumet's first power
  6173 | D:7      | Offered knowledge of Freeze by Vehumet.
  6766 | D:7      | Found an ancient bone altar of Kikubaaqudgha.
  6946 | D:8      | Found a staircase to the Lair.
  7016 | D:8      | Reached skill level 5 in Charms
  7016 | D:8      | Reached XP level 9. HP: 57/57 MP: 12/18
  7058 | D:8      | Noticed Erolcha
  7063 | D:8      | Killed Erolcha
  7063 | D:8      | Reached skill level 9 in Conjurations
  7197 | D:8      | Found Klyhoyco's Gadget Emporium.
  7420 | D:8      | Offered knowledge of Throw Flame by Vehumet.
  7450 | D:8      | Learned a level 2 spell: Throw Flame
  7850 | D:9      | Noticed Pikel
  7856 | Lair:1   | Entered Level 1 of the Lair of Beasts
  8565 | Lair:1   | Reached XP level 10. HP: 60/63 MP: 19/19
  8607 | Lair:1   | Noticed a spiny frog
  8614 | Lair:1   | Killed a spiny frog
  8614 | Lair:1   | Reached skill level 10 in Conjurations
  9442 | Lair:1   | Offered knowledge of Static Discharge by Vehumet.
  9591 | Lair:2   | Noticed Erica
  9601 | Lair:2   | Killed Erica
  9933 | Lair:2   | Learned a level 3 spell: Static Discharge
 10070 | Lair:2   | Reached skill level 1 in Air Magic
 10369 | Lair:2   | Acquired Vehumet's second power
 10371 | Lair:2   | Reached XP level 11. HP: 41/68 MP: 4/23
 11046 | Lair:3   | Noticed a seven-headed hydra
 11050 | Lair:3   | Killed a seven-headed hydra
 11050 | Lair:3   | Reached skill level 11 in Conjurations
 11129 | Lair:3   | Got an ichor-stained sabre
 11130 | Lair:3   | Identified the +2,+5 sabre "Asec" {venom, +Inv Dex+1 Int+4} (You found it on level 3 of the Lair of Beasts)
 11130 | Lair:3   | Identified the +2,+5 sabre "Asec" {venom, +Inv Dex+1 Int+4} (You found it on level 3 of the Lair of Beasts)
 11196 | Lair:3   | Offered knowledge of Throw Icicle by Vehumet.
 11323 | Lair:3   | Reached skill level 5 in Air Magic
 11341 | Lair:3   | Noticed Harold
 11351 | Lair:3   | Killed Harold
 11351 | Lair:3   | Reached skill level 5 in Spellcasting
 11357 | Lair:3   | Learned a level 4 spell: Throw Icicle
 11471 | Lair:3   | Somebody: Hi. I'll watch for a bit.
 11471 | Lair:3   | Somebody: ...when you're back.
 11738 | Lair:3   | Reached skill level 1 in Ice Magic
 11951 | Lair:3   | Found a staircase to the Swamp.
 12325 | Lair:3   | Found a deep blue altar of Sif Muna.
 12467 | Lair:4   | Noticed a five-headed hydra
 12473 | Lair:4   | Killed a five-headed hydra
 12913 | Lair:4   | Acquired Vehumet's third power
 12986 | Lair:4   | Offered knowledge of Sticky Flame by Vehumet.
 13004 | Lair:4   | Somebody: It almost looked like I am here for the most interesting part.
 13006 | Lair:4   | PolkaDot: Those gave me a slight pause, but it wasn't anything major :3
 13099 | Lair:4   | Somebody: Why are you magic mapping passively, have anything interesting in your 'A'?
 13099 | Lair:4   | PolkaDot: should've seen it earlier though, 'twas funny
 13099 | Lair:4   | Somebody: Anything interesting?
 13099 | Lair:4   | PolkaDot: vamp hand axe, plus regen and constantly 'Alive'
 13099 | Lair:4   | PolkaDot: I just went around meleeing everything xD
 13099 | Lair:4   | PolkaDot: well, anything not likely to really hurt
 13099 | Lair:4   | PolkaDot: couldn't do it now, of course, but it was fun then
 13099 | Lair:4   | Somebody: It's not too bad of a bad of a strategy, if you can keep being "Alive".
 13099 | Lair:4   | Somebody: What do you have in the way of spells?
 13099 | Lair:4   | PolkaDot: not bad :)
 13099 | Lair:4   | Somebody: Is throw Icicle any good? Never really used it myself.
 13099 | Lair:4   | PolkaDot: Aiming for Tornado and Ice Storm
 13099 | Lair:4   | PolkaDot: Throw Icycle's pretty good
 13099 | Lair:4   | Somebody: Might be interesting, if you can stay undead long enough.
 13099 | Lair:4   | PolkaDot: Does some damage to everything
 13099 | Lair:4   | PolkaDot: And loads more to things not rC
 13099 | Lair:4   | PolkaDot: well, "loads"
 13099 | Lair:4   | Somebody: What's your XL, by the way?
 13099 | Lair:4   | PolkaDot: I'll show you
 13122 | Lair:4   | Somebody: Sure.
 13181 | Lair:4   | PolkaDot: pretty good ^^
 13278 | Lair:4   | Somebody: I did not see a single '!' there, so it's not even a dozen of damage. Good, but does not qualify as "loads of" in my book, sorry. :P
 13321 | Lair:4   | PolkaDot: yeah, I did quotation it for a reason :p
 13321 | Lair:4   | PolkaDot: but then, I've got to get some decent Ice skill in yet :p
 13415 | Lair:4   | Somebody: I am having a rather disturbing game — I went to Temple, made a stash near the altar to Kiku, but forgon to join...
 13482 | Lair:4   | Somebody: Noticed it three dungeon levels later.
 13482 | Lair:4   | PolkaDot: xD
 13482 | Lair:4   | Somebody: No aftefacts of decent items in any way, either.
 13482 | Lair:4   | PolkaDot: That makes things a tad more difficult
 13482 | Lair:4   | Somebody: Book acquirement produced a book of Cantrips.
 13482 | Lair:4   | Somebody: I can now Apport things to death...
 13482 | Lair:4   | PolkaDot: Hm
 13547 | Lair:4   | Somebody: I am begining to think that being a decent player implies making such situatins work.
 13549 | Lair:4   | Reached XP level 12. HP: 74/74 MP: 10/24
 13550 | Lair:4   | PolkaDot: Yes
 13550 | Lair:4   | PolkaDot: The better players don't streaks on pure luck :p
 13621 | Lair:4   | Somebody: ...disgusting situations, when you have nothing to be proud of.
 13673 | Lair:4   | PolkaDot: They happen, I've done it once
 13673 | Lair:4   | Somebody: I'll go back to my game and try this for a bit.
 13673 | Lair:4   | PolkaDot: kicked myself, then died :D
 13673 | Lair:4   | PolkaDot: 'kay, enjoy
 13674 | Lair:4   | Somebody: Come see me if you'd like. Good luck.
 15102 | Lair:5   | Reached skill level 5 in Ice Magic
 15390 | Lair:5   | Got an ominously black robe
 15391 | Lair:5   | Identified the +1 robe "Wihoddia" {Stlth+} (You found it on level 5 of the Lair of Beasts)
 16163 | Lair:6   | Somebody: How's your game?
 16163 | Lair:6   | Somebody: I see you've found a new robe.
 16163 | Lair:6   | Somebody: My character have started to turn around a bit.
 16163 | Lair:6   | Somebody: ...found a good book, read a few scrolls that have turned out to be Enchant Weapon III, etc.
 16163 | Lair:6   | PolkaDot: ohhhh
 16163 | Lair:6   | PolkaDot: nice
 16163 | Lair:6   | PolkaDot: I'mma jump in in a mo'
 16163 | Lair:6   | PolkaDot: making teas and coffees for the family atm
 16163 | Lair:6   | Somebody: Good luck with that. See you in a while.
 16177 | Lair:6   | Noticed a six-headed hydra
 16410 | Lair:6   | Killed a six-headed hydra
 16410 | Lair:6   | Offered knowledge of Ignite Poison by Vehumet.
 16410 | Lair:6   | Reached skill level 10 in Air Magic
 16489 | Lair:6   | Found a staircase to the Snake Pit.
 16806 | Lair:6   | Noticed a four-headed hydra
 16813 | Lair:6   | Killed a four-headed hydra
 17055 | Lair:6   | Reached XP level 13. HP: 68/79 MP: 7/27
 17355 | Lair:7   | Found a staircase to the Slime Pits.
 18418 | Lair:7   | Offered knowledge of Bolt of Draining by Vehumet.
 18495 | Lair:7   | Got a pair of faintly humming boots
 18496 | Lair:7   | Identified the +1 pair of boots of the Hall of Blades {rN+ MR++ SInv} (You found it on level 7 of the Lair of Beasts)
 18810 | Lair:8   | Entered Level 8 of the Lair of Beasts
 19386 | Lair:8   | Somebody: I have a terrifying secret to share about how raisiing undead from the hydrae corpses works. ;)
 19386 | Lair:8   | PolkaDot: oh?
 19386 | Lair:8   | Somebody: It remembers how much heads it had before it died.
 19386 | Lair:8   | PolkaDot: :o
 19386 | Lair:8   | PolkaDot: Heh
 19386 | Lair:8   | PolkaDot: reminds me of a thing I like to as yred
 19386 | Lair:8   | PolkaDot: as a Tr of yred, rather
 19386 | Lair:8   | Somebody: I have figured it out just now when I've killed one with a long sword of pain...
 19386 | Lair:8   | PolkaDot: Chop of as many as heads as possible, then raise
 19386 | Lair:8   | Somebody: Preferably, I wish to get Simulacrum before they rot away.
 19386 | Lair:8   | PolkaDot: oh yes
 19386 | Lair:8   | Somebody: Exactly.
 19386 | Lair:8   | PolkaDot: gotta be careful
 19386 | Lair:8   | Somebody: True enough.
 19386 | Lair:8   | PolkaDot: if something goes wrong and you're left with a many-headed Hydra... well :p
 19386 | Lair:8   | Somebody: ...but, if you can get a slashing polearm and some minions to shield you in the process.
 19386 | Lair:8   | PolkaDot: Much excellence :D
 19386 | Lair:8   | Somebody: Yes, that 11-headed hydra have hurt.
 19386 | Lair:8   | PolkaDot: Such a beautiful pet!
 19393 | Lair:8   | Somebody: I only want to share the excitement with a crowd of death yaks I've just ran away.
 19394 | Lair:8   | Somebody: How's you character?
 19394 | Lair:8   | PolkaDot: Heh
 19394 | Lair:8   | PolkaDot: Doing quite well
 19394 | Lair:8   | PolkaDot: I'm itching for a storm spell though xD
 19394 | Lair:8   | Somebody: Miscasts can hurt, careful.
 19394 | Lair:8   | PolkaDot: Oh no, I won't cast until it's less than a third success
 19394 | Lair:8   | Somebody: I've cursed half of my equipment by now while trying to cast Haste. :)
 19394 | Lair:8   | PolkaDot: eesh, could've been worse though
 19395 | Lair:8   | Somebody: At least Charms miscasts cannot malmutate you.
 19407 | Lair:8   | PolkaDot: Weellll
 19407 | Lair:8   | PolkaDot: unless contam gets to hi :p
 19407 | Lair:8   | Somebody: :)
 19407 | Lair:8   | Somebody: I mean, not directly.
 19407 | Lair:8   | PolkaDot: No, not directly
 19530 | Lair:8   | Somebody: I've malmutate one of my characters to the high hells once while casting Necromutation.
 19536 | Lair:8   | PolkaDot: ohhhh, not-so-good, eh
 19538 | Lair:8   | Somebody: Could happen.
 19538 | Lair:8   | PolkaDot: yep
 19540 | Lair:8   | Somebody: Good luck, I'll going to get undead real soon.
 19570 | Lair:8   | PolkaDot: \o
 19570 | Lair:8   | PolkaDot: enjoy :)
 19628 | Lair:8   | Somebody: See you.
 20139 | Lair:8   | HP: 4/118 [wolf (5)]
 20140 | Lair:8   | HP: 1/118 [warg (3)]
 20144 | Lair:8   | Mangled by a warg

Action                   |  1- 3 |  4- 6 |  7- 9 | 10-12 | 13-15 || total
-------------------------+-------+-------+-------+-------+-------++-------
Melee: Hand axe          |    99 |   264 |   549 |    65 |       ||   977
       Unarmed           |     1 |       |       |       |       ||     1
       Sabre             |       |       |       |   226 |   155 ||   381
 Cast: Magic Dart        |     7 |     5 |    11 |    37 |     6 ||    66
       Searing Ray       |       |    17 |    24 |    20 |     7 ||    68
       Iskenderun's Batt |       |       |    19 |    44 |    23 ||    86
       Iskenderun's Myst |       |       |    40 |   128 |    99 ||   267
       Throw Flame       |       |       |     9 |    79 |    23 ||   111
       Throw Icicle      |       |       |       |    27 |     2 ||    29
       Static Discharge  |       |       |       |       |     4 ||     4
 Abil: Bottle Blood      |       |     3 |    38 |    76 |    14 ||   131
Evoke: Wand              |     1 |     2 |       |     7 |       ||    10
  Use: Potion            |       |    10 |    54 |    84 |    36 ||   184
       Scroll            |       |    10 |     9 |    10 |     4 ||    33
 Stab: Sleeping          |     2 |     3 |    11 |    11 |     2 ||    29
       Distracted        |       |     1 |     1 |     1 |       ||     3
       Fleeing           |       |       |       |       |     1 ||     1
